 Dungeon Crawl Stone Soup version 0.28.0-53-g5a82cb258f (webtiles) character file.

Game seed: 8850789562327623861

375 Zeld the Skirmisher (level 6, -17/57 HPs)
             Began as a Minotaur Berserker on June 3, 2022.
             Was a Believer of Trog.
             Demolished by an ogre
             ... wielding a +0 giant spiked club
              (28 damage)
             ... on level 4 of the Dungeon.
             The game lasted 00:02:28 (4770 turns).

Zeld the Skirmisher (Minotaur Berserker)            Turns: 4770, Time: 00:02:29

Health: -17/57     AC:  3    Str: 23    XL:     6   Next: 44%
Magic:  5/5        EV: 12    Int:  4    God:    Trog [**....]
Gold:   40         SH:  0    Dex: 10    Spells: 5/5 levels left

rFire   . . .      SeeInvis .   a - +0 hand axe
rCold   . . .      Faith    .   (no shield)
rNeg    . . .      Spirit   .   b - +0 animal skin
rPois   .          Reflect  .   (helmet restricted)
rElec   .          Harm     .   k - +0 cloak
rCorr   .          Rampage  .   (no gloves)
Will    .....                   (no boots)
Stlth   +.........              (no amulet)
HPRegen 0.19/turn               (no ring)
MPRegen 0.09/turn               (no ring)

@: no status effects
A: horns 2, retaliatory headbutt
a: Renounce Religion, Berserk, Trog's Hand


You were on level 4 of the Dungeon.
You worshipped Trog.
Trog was pleased with you.
You visited 1 branch of the dungeon, and saw 4 of its levels.

You collected 40 gold pieces.

Inventory:

Hand Weapons
 a - a +0 hand axe (weapon)
Armour
 b - a +0 animal skin (worn)
 k - a +0 cloak (worn)
Scrolls
 c - a scroll of noise {unknown}
 h - a scroll of identify {unknown}
 l - a scroll of fog {unknown}
Potions
 d - 3 potions of curing {unknown}
 e - 2 potions of haste {unknown}
 f - a potion of cancellation {unknown}
 g - a potion of ambrosia {unknown}
 i - a potion of degeneration {unknown}
 j - 2 potions of attraction {unknown}


   Skills:
 * Level 5.9 Fighting
 * Level 5.7 Axes
 + Level 4.1 Armour
 + Level 3.6 Dodging


You had 5 spell levels left.
You didn't know any spells.
Your spell library was empty.

Dungeon Overview and Level Annotations

Branches:
Dungeon (4/15)
 Temple: D:4-7

Altars:
Ru

Shops:
D:3 *


Innate Abilities, Weirdness & Mutations

You have a pair of horns on your head.
You reflexively headbutt those who attack you in melee.


Message History

Key pressed, stopping explore.
No target in view!
Found 21 stones.
No target in view!
Found a great sword.
No target in view!
You see here 21 stones.
Key pressed, stopping explore.
No target in view!
Done exploring.
No target in view!
Done exploring.
No target in view!
Done exploring.
No target in view!
Done exploring.
Search for what [Enter for "armor", or ? for help]?
There is a stone staircase leading down here.
The ogre shouts!
The ogre closely misses you.
You hit the ogre.
The ogre is moderately wounded.
The ogre closely misses you.
You hit the ogre.
The ogre is moderately wounded.
The ogre hits you with a +0 giant spiked club!
You hit the ogre.
The ogre is moderately wounded.
You slash the ogre!
The ogre is heavily wounded.
The ogre hits you with a +0 giant spiked club!
You slash the ogre! Your headbutt misses the ogre.
The ogre is severely wounded.
The ogre hits you with a +0 giant spiked club!!
* * * LOW HITPOINT WARNING * * *
You are too injured to fight recklessly!
You are too injured to fight recklessly!
There is a stone staircase leading down here.
The ogre hits you with a +0 giant spiked club!!
You die...

##.....## ##.......##
#.........# ######## #.........#
#......# #.........# #......#
#.........# #......# #.........#
#......####
#.........#######..[......######
#..............@................
#.........#...O##.#######...####
#.........#..>.##.#########.####
#.........#>....................
##...........<.....########...##
##........######.## ###.†.
#........# #....######## ####
#........## #.##........# #
####.###..###.##........# #


You could see an ogre.

Vanquished Creatures
  An ogre (D:4)
  A centaur (D:4)
  A scorpion (D:4)
  A bullfrog skeleton (D:3)
  5 adders
  An ufetubus (D:4)
  A dart slug (D:2)
  8 ball pythons
  3 endoplasms
  3 giant cockroaches
  10 hobgoblins
  3 jackals (D:1)
  3 quokkas
  4 bats
  4 frilled lizards
  8 goblins
  7 kobolds
  5 rats (D:1)
69 creatures vanquished.

Notes
Turn   | Place    | Note
-------+----------+-------------------------------------------
     0 | D:1      | Zeld the Minotaur Berserker began the quest for the Orb.
     0 | D:1      | Reached XP level 1. HP: 19/19 MP: 0/0
   217 | D:1      | Reached XP level 2. HP: 20/27 MP: 1/1
   323 | D:1      | Found a faded altar of an unknown god.
   882 | D:1      | Reached XP level 3. HP: 31/33 MP: 2/2
  1082 | D:2      | Reached ** piety under Trog
  1205 | D:2      | You fall into a shaft and drop 1 floor!
  1239 | D:3      | Reached XP level 4. HP: 35/41 MP: 3/3
  1492 | D:3      | Found Zoaxzebb's Assorted Antiques.
  2274 | D:2      | Found a sacrificial altar of Ru.
  2982 | D:4      | Noticed an ogre
  3209 | D:4      | Noticed a scorpion
  3215 | D:4      | Killed a scorpion
  3215 | D:4      | Noticed a centaur
  3216 | D:4      | Reached skill level 5 in Fighting
  3216 | D:4      | Reached skill level 5 in Axes
  3216 | D:4      | Reached XP level 5. HP: 38/48 MP: 4/4
  3987 | D:4      | Killed an ogre
  3988 | D:4      | Reached XP level 6. HP: 48/56 MP: 5/5
  4770 | D:4      | Demolished by an ogre

Illustrated notes

Levels and vault maps discovered:
D:1:      co_arrival_random_square_maze, layout_basic,
          shapermc_ecumenical_altar_hornbeckon
D:2:      layout_loops_ring, basic_altar, minmay_close_crescents
D:3:      layout_loops_corners, serial_shops, shop, nrook_uturn
D:4:      layout_rooms

Skill      XL: |  1  2  3  4  5  6 |
---------------+-------------------+-----
Fighting       | 4 5 |  5.9
Axes           | 4 5 |  5.7
Armour         | 3 4 |  4.1
Dodging        | 3 |  3.6

Action                   |  1- 3 |  4- 6 || total
-------------------------+-------+-------++-------
Melee: Hand axe          |    74 |    78 ||   152
       Headbutt          |    14 |    11 ||    25
Invok: Berserk           |       |     1 ||     1
 Stab: Sleeping          |       |     1 ||     1
Armor: Animal skin       |    16 |    14 ||    30
Dodge: Dodged            |    47 |    61 ||   108
